 Dungeon Crawl Stone Soup version 0.28-a0-1389-gc726bef33b (webtiles) character file.

Game seed: 12903994806279015754

743 Lekart the Chopper (level 7, 0/90 HPs)
             Began as a Purple Draconian Fighter on Jan 3, 2022.
             Succumbed to a water moccasin's poison
             ... in a sewer.
             The game lasted 00:08:15 (5013 turns).

Lekart the Chopper (Purple Draconian Fighter)       Turns: 5013, Time: 00:08:16

Health: 0/90       AC:  8    Str: 19    XL:     7   Next: 47%
Magic:  11/12      EV: 13    Int:  8    God:
Gold:   181        SH:  5    Dex: 12    Spells: 13/13 levels left

rFire   . . .      SeeInvis .   a - +0 war axe
rCold   . . .      Faith    .   b - +0 buckler
rNeg    . . .      Spirit   .   (armour unavailable)
rPois   .          Reflect  .   (helmet restricted)
rElec   .          Harm     .   g - +0 cloak
rCorr   .          Rampage  .   (no gloves)
Will    +....                   d - +0 pair of boots
Stlth   ..........              (no amulet)
HPRegen 0.25/turn               (no ring)
MPRegen 0.13/turn               (no ring)

@: berserking (expiring), lethally poisoned (0 -> -2), very quick
A: breathe power, AC +6, unfitting armour, cold-blooded
a: Breathe Dispelling Energy


You were in a sewer.
You visited 1 branch of the dungeon, and saw 6 of its levels.
You also visited: Sewer.

You collected 181 gold pieces.

Inventory:

Hand Weapons
 a - a +0 war axe (weapon)
Missiles
 h - 2 boomerangs (quivered)
Armour
 b - a +0 buckler (worn)
 d - a +0 pair of boots (worn)
 g - a +0 cloak (worn)
Wands
 f - a wand of iceblast (3)
Scrolls
 c - a scroll of immolation


   Skills:
 + Level 4.5 Fighting
 + Level 5.1 Axes
 + Level 1.3 Throwing
 + Level 3.8 Dodging
 * Level 4.5 Shields
 * Level 3.5 Spellcasting


You had 13 spell levels left.
You didn't know any spells.
Your spell library contained the following spells:

 Spells                   Type           Power      Damage    Failure   Level
 Sandblast                Erth           2%         2d4       30%         1
 Passwall                 Tmut/Erth      0%         N/A       43%         2
 Stone Arrow              Conj/Erth      2%         3d7       67%         3
 Animate Dead             Necr           0%         N/A       97%         4
 Borgnjor's Vile Clutch   Necr/Erth      0%         N/A       100%        5
 Death Channel            Necr           0%         N/A       100%        6


Dungeon Overview and Level Annotations

Branches:
Dungeon (6/15)              Sewer (1/1)
 Temple: D:4-7

Altars:

Annotations:
D:2 exclusion: downstairs
D:3 2 runed translucent doors, Deminshera's ghost, amateur MfGl
D:4 exclusion: downstairs


Innate Abilities, Weirdness & Mutations

You can breathe bolts of dispelling energy.
Your rich purple scales are hard. (AC +6)
You cannot fit into any form of body armour.
You are cold-blooded and may be slowed by cold attacks.


Message History

You feel extremely sick. The water moccasin bites you!
You closely miss the water moccasin.
The water moccasin is moderately wounded.
* * * LOW HITPOINT WARNING * * *
You feel very sick. The water moccasin closely misses you.
The water moccasin barely misses you.
You slash the water moccasin!
You tail-slap the water moccasin, but do no damage.
The water moccasin is severely wounded.
* * * LOW HITPOINT WARNING * * *
You feel very sick. The water moccasin closely misses you.
You block the water moccasin's attack.
You aren't carrying any potions.
Okay, then.
* * * LOW HITPOINT WARNING * * *
You feel very sick.
* * * LOW HITPOINT WARNING * * *
You feel sick. The water moccasin barely misses you.
You see here a potion of berserk rage.
e - a potion of berserk rage
* * * LOW HITPOINT WARNING * * *
You feel sick.
The water moccasin bites you but does no damage.
A red film seems to cover your vision as you go berserk!
You feel yourself moving faster!
You feel mighty!
You feel sick.
The water moccasin bites you but does no damage.
You hit the water moccasin.
The water moccasin is almost dead.
You feel sick. The water moccasin bites you.
* * * LOW HITPOINT WARNING * * *
You slash the water moccasin!
You kill the water moccasin!
* * * LOW HITPOINT WARNING * * *
You feel sick.
Your Axes skill increases to level 5!
You are too berserk!
You see here a water moccasin corpse.
You feel a strong urge to attack something.
You die...

#.# ##.....## #.#
##...≈...#
#.#######...≈≈≈...
#..........≈≈≈≈≈.∩
#.#######...≈≈≈...
#.# ##...≈...# #.#
##.....## ###†###
####### #..@..#
#.......#
#.......#
#.......#
#.......#
#..$/$..#
##$$$$$## #######


There were no monsters in sight!

Vanquished Creatures
  Sigmund (D:6)
  A water moccasin (Sewer)
  A black bear (D:3)
  A phantom (D:4)
  A scorpion (D:4)
  A centaur zombie (D:4)
  4 gnolls (D:4)
  2 howler monkey skeletons (D:4)
  8 adders
  2 worms
  A dart slug (D:1)
  7 orcs (D:3)
  8 endoplasms
  3 giant cockroaches
  8 goblins
  8 hobgoblins
  3 jackals (D:3)
  5 kobolds
  4 quokkas
  6 ball pythons
  12 bats
  5 frilled lizards
  11 rats
103 creatures vanquished.

Vanquished Creatures (others)
  13 plants (D:3)
13 creatures vanquished.

Grand Total: 116 creatures vanquished

Notes
Turn   | Place    | Note
-------+----------+-------------------------------------------
     0 | D:1      | Lekart the Draconian Fighter began the quest for the Orb.
     0 | D:1      | Reached XP level 1. HP: 19/19 MP: 1/1
   150 | D:1      | Reached XP level 2. HP: 26/26 MP: 2/2
   339 | D:1      | Found a faded altar of an unknown god.
   798 | D:1      | Reached XP level 3. HP: 26/31 MP: 2/4
  1238 | D:2      | Reached skill level 1 in Spellcasting
  1411 | D:2      | Reached XP level 4. HP: 40/40 MP: 5/5
  2060 | D:3      | Noticed a black bear
  2062 | D:3      | Reached skill level 3 in Axes
  2243 | D:3      | Found a large runed translucent door.
  2243 | D:3      | Found a large runed translucent door.
  2371 | D:3      | Killed a black bear
  2372 | D:3      | Reached XP level 5. HP: 14/46 MP: 5/7
  2924 | D:3      | Noticed Deminshera's ghost (amateur MfGl)
  3420 | D:4      | Reached XP level 6. HP: 18/52 MP: 7/9
  3762 | D:4      | Reached skill level 1 in Throwing
  3819 | D:4      | Reached skill level 4 in Axes
  4782 | D:5      | Entered Level 5 of the Dungeon
  4783 | D:5      | Noticed a water moccasin
  4844 | D:6      | Noticed Sigmund
  4854 | D:6      | Killed Sigmund
  4855 | D:6      | Your scales start taking on a rich purple colour.
  4855 | D:6      | Reached XP level 7. HP: 60/60 MP: 11/11
  4952 | D:6      | Found a glowing drain.
  4956 | Sewer    | Entered a sewer
  5010 | Sewer    | HP: 2/90 [water moccasin (3)]
  5012 | Sewer    | Reached skill level 5 in Axes
  5013 | Sewer    | Succumbed to a water moccasin's poison

Illustrated notes

Levels and vault maps discovered:
D:1:      dpeg_arrival_pond, layout_basic, shapermc_ecumenical_altar_venn
D:2:      layout_loops_ring, chequers_serial_rivers_large_a,
          hangedman_feature_mirror, wad_floor_pattern_2,
          wander_ebering_terrifying_dragon_lair
D:3:      layout_rooms, ebering_ghost_disaster_area, chequers_arboretum,
          chequers_big_river, grunt_decor_junction
D:4:      layout_layer_cave
D:5:      layout_basic, uniq_duvessa, uniq_edmund, uniq_eustachio
D:6:      layout_basic, gup_sewer_entry_spiral, serial_rivers,
          chequers_serial_rivers_micro_e, chequers_serial_rivers_room_b,
          chequers_serial_rivers_small_a, chequers_serial_rivers_marsh,
          uniq_sigmund
Sewer:    sewer_big_baddie

Skill      XL: |  1  2  3  4  5  6  7 |
---------------+----------------------+-----
Dodging        | 3 |  3.8
Spellcasting   | 1 2 3 |  3.5
Axes           | 3 4 5 |  5.1
Fighting       | 4 |  4.5
Throwing       | 1 |  1.3
Shields        | 4 |  4.5

Action                   |  1- 3 |  4- 6 |  7- 9 || total
-------------------------+-------+-------+-------++-------
Melee: War axe           |   116 |   133 |    53 ||   302
       Tailslap          |     8 |    15 |     4 ||    27
Throw: Boomerang         |       |    36 |       ||    36
  Use: Scroll            |     1 |     6 |       ||     7
       Potion            |       |     5 |     1 ||     6
 Stab: Sleeping          |       |     2 |       ||     2
Armor: Skin              |    46 |    51 |    21 ||   118
Dodge: Dodged            |    91 |    83 |    46 ||   220
Block: Buckler           |    31 |    35 |    13 ||    79

Table legend: (Time is in decaauts)
 A = Elapsed time spent in this place.
 B = Non-inter-level travel time spent in this place.
 C = Inter-level travel time spent in this place.
 D = Time resting spent in this place.
 E = Time spent auto-exploring this place.
 F = Levels seen in this place.
 G = Mean time per level.
                   A        B        C        D        E       F      G
               +--------+--------+--------+--------+--------+-----+--------+
         Total |   5181 |   5002 |    179 |    735 |   3286 |   7 |  740.1 |
       Dungeon |   5120 |   4941 |    179 |    735 |   3286 |   6 |  853.3 |
         Sewer |     61 |     61 |      0 |      0 |      0 |   1 |   61.0 |
               +--------+--------+--------+--------+--------+-----+--------+

Top non-repeatable levels by time:
     D:4: 1625 daAuts
     D:3: 1175 daAuts
     D:1: 1107 daAuts
     D:2: 1044 daAuts
     D:6: 141 daAuts
   Sewer: 61 daAuts
     D:5: 25 daAuts
